 Dungeon Crawl Stone Soup version 0.28.0-43-g3370ac3207 (webtiles) character file.

Game seed: 15775659182460634134

67 Pemander the Shooter (level 4, -8/38 HPs)
             Began as a Gnoll Wanderer on Mar 17, 2022.
             Killed from afar by a white imp (12 damage)
             ... with a puff of frost
             ... summoned by Natasha
             ... on level 2 of the Dungeon.
             The game lasted 00:01:26 (1621 turns).

Pemander the Shooter (Gnoll Wanderer)               Turns: 1621, Time: 00:01:27

Health: -8/38      AC:  2    Str: 10    XL:     4   Next: 16%
Magic:  5/5        EV: 12    Int: 13    God:
Gold:   33         SH:  0    Dex: 13    Spells: 5/5 levels left

rFire   . . .      SeeInvis .   i - +3 whip
rCold   . . .      Faith    .   (no shield)
rNeg    . . .      Spirit   .   d - +0 robe
rPois   .          Reflect  .   (no helmet)
rElec   .          Harm     .   (no cloak)
rCorr   .          Rampage  .   (no gloves)
Will    .....                   (no boots)
Stlth   ++........              (no amulet)
HPRegen 0.12/turn               (no ring)
MPRegen 0.09/turn               (no ring)

@: on berserk cooldown, slowed, very slow
A: fangs 1, strong nose, distributed training
a: no special abilities


You were on level 2 of the Dungeon.
You visited 1 branch of the dungeon, and saw 2 of its levels.

You collected 33 gold pieces.

Inventory:

Hand Weapons
 a - a +1 rapier
 i - a +3 whip (weapon)
Missiles
 f - 27 arrows
Armour
 d - a +0 robe (worn)
Jewellery
 e - a ring of poison resistance
 h - an amulet of the acrobat
Scrolls
 b - a scroll of enchant armour {unknown}
 g - a scroll of noise {unknown}


   Skills:
 + Level 4.6 Fighting
 + Level 6.6 Short Blades
 + Level 1.0 Long Blades
 + Level 1.0 Axes
 + Level 1.0 Maces & Flails
 + Level 1.0 Polearms
 + Level 1.0 Staves
 + Level 1.0 Slings
 + Level 6.6 Bows
 + Level 1.0 Crossbows
 + Level 1.0 Throwing
 + Level 2.7 Armour
 + Level 2.7 Dodging
 + Level 1.0 Stealth
 + Level 1.0 Shields
 + Level 1.0 Unarmed Combat
 + Level 1.0 Spellcasting
 + Level 0.8 Conjurations
 + Level 0.8 Hexes
 + Level 0.8 Summonings
 + Level 0.8 Necromancy
 + Level 0.8 Translocations
 + Level 0.8 Transmutations
 + Level 0.8 Fire Magic
 + Level 0.8 Ice Magic
 + Level 0.8 Air Magic
 + Level 0.8 Earth Magic
 + Level 0.8 Poison Magic
 + Level 1.1 Invocations
 + Level 1.0 Evocations


You had 5 spell levels left.
You didn't know any spells.
Your spell library contained the following spells:

 Spells                   Type           Power      Damage    Failure   Level
 Dazzling Flash           Conj/Hex       4%         N/A       52%         3
 Agony                    Necr           2%         N/A       99%         5
 Silence                  Hex/Air        1%         N/A       99%         5


Dungeon Overview and Level Annotations

Branches:
Dungeon (2/15)

Altars:

Annotations:
D:2 Natasha


Innate Abilities, Weirdness & Mutations

You have very sharp teeth.
Your uncanny sense of smell can sniff out nearby items.
Your experience applies equally to all skills.


Message History

The bat hits you.
* * * LOW HITPOINT WARNING * * *
The bat closely misses you.
You hit the bat. You bite the bat.
You kill the bat!
The bat closely misses you. The bat hits you but does no damage.
The bat misses you.
You completely miss the bat. Your bite misses the bat. The bat misses you.
The bat barely misses you. The bat hits you but does no damage.
The bat barely misses you.
You barely miss the bat. Your bite misses the bat. The bat closely misses you.
The bat barely misses you. x2
You hit the bat but do no damage. The bat misses you.
The bat closely misses you. The bat misses you. The bat completely misses you.
The bat barely misses you. The bat closely misses you.
You miss the bat. The bat closely misses you.
The bat hits you but does no damage. x2
You hit the bat.
You kill the bat!
You see here a bat corpse.
You start resting.
Natasha, Servant of Life and Death comes into view.
She is carrying a wand of flame (9).
Natasha is nearby!
You aren't carrying any potions.
Natasha mumbles some strange words.
Natasha barely misses you. Natasha closely misses you.
You hit Natasha.
Natasha is lightly wounded.
The white imp hits you but does no damage.
Natasha zaps a wand.
The puff of flame hits you.
* * * LOW HITPOINT WARNING * * *
The white imp barely misses you.
You closely miss Natasha. Your punch misses Natasha.
Natasha is lightly wounded.
Natasha claws you.
* * * LOW HITPOINT WARNING * * *
The white imp gestures at you. The puff of frost hits you!
You die...

#.........#
#.........#.
#.........##.
#....†.....#.
#..........#.### #∆
#∆
#.#........#...#.##.#
.....######.#
..#....# .....
#.#.#5h..# .....
#.#.#@# .... #.#.#.#
#.#.#.# #.#.#.#
#.#.#†# #.#.#.#
#'###...#[######.
..................
..................


You could see Natasha and a white imp (summoned).

Vanquished Creatures
  Natasha (D:2)
  An adder (D:2)
  A dart slug (D:2)
  A giant cockroach (D:1)
  5 goblins (D:1)
  3 hobgoblins
  2 jackals (D:1)
  3 quokkas
  3 ball pythons (D:1)
  4 bats
  A frilled lizard (D:2)
  4 kobolds (D:1)
  A rat (D:2)
30 creatures vanquished.

Notes
Turn   | Place    | Note
-------+----------+-------------------------------------------
     0 | D:1      | Pemander the Gnoll Wanderer began the quest for the Orb.
     0 | D:1      | Pemander set off with the following items: a +1 rapier, a
                  | +0 shortbow, 26 arrows, a +0 robe
     0 | D:1      | Reached XP level 1. HP: 20/20 MP: 1/1
   504 | D:1      | Reached XP level 2. HP: 24/26 MP: 2/2
  1065 | D:1      | Reached XP level 3. HP: 27/31 MP: 3/3
  1490 | D:2      | Reached skill level 1 in Invocations
  1578 | D:2      | Noticed Natasha
  1594 | D:2      | Killed Natasha
  1595 | D:2      | Reached skill level 1 in Long Blades
  1595 | D:2      | Reached skill level 1 in Axes
  1595 | D:2      | Reached skill level 1 in Maces & Flails
  1595 | D:2      | Reached skill level 1 in Polearms
  1595 | D:2      | Reached skill level 1 in Staves
  1595 | D:2      | Reached skill level 1 in Slings
  1595 | D:2      | Reached skill level 1 in Crossbows
  1595 | D:2      | Reached skill level 1 in Throwing
  1595 | D:2      | Reached skill level 1 in Stealth
  1595 | D:2      | Reached skill level 1 in Shields
  1595 | D:2      | Reached skill level 1 in Unarmed Combat
  1595 | D:2      | Reached skill level 1 in Spellcasting
  1595 | D:2      | Reached skill level 1 in Evocations
  1595 | D:2      | Reached XP level 4. HP: 13/38 MP: 5/5
  1617 | D:2      | Noticed Natasha
  1621 | D:2      | Killed from afar by a white imp

Illustrated notes

Levels and vault maps discovered:
D:1:      dpeg_arrival_simpleton_b, layout_basic
D:2:      layout_basic, serial_shops, nicolae_lakefront_shop, uniq_jessica,
          uniq_natasha

Skill      XL: |  1  2  3 |
---------------+----------+-----
Invocations    | 1 |  1.1
Long Blades    | 1 |  1.0
Axes           | 1 |  1.0
Maces & Flails | 1 |  1.0
Polearms       | 1 |  1.0
Staves         | 1 |  1.0
Slings         | 1 |  1.0
Crossbows      | 1 |  1.0
Throwing       | 1 |  1.0
Stealth        | 1 |  1.0
Shields        | 1 |  1.0
Unarmed Combat | 1 |  1.0
Spellcasting   | 1 |  1.0
Evocations     | 1 |  1.0
Fighting       | |  4.6
Short Blades   | |  6.6
Bows           | |  6.6
Armour         | |  2.7
Dodging        | |  2.7
Conjurations   | |  0.8
Hexes          | |  0.8
Summonings     | |  0.8
Necromancy     | |  0.8
Translocations | |  0.8
Transmutations | |  0.8
Fire Magic     | |  0.8
Ice Magic      | |  0.8
Air Magic      | |  0.8
Earth Magic    | |  0.8
Poison Magic   | |  0.8

Action                   |  1- 3 |  4- 6 || total
-------------------------+-------+-------++-------
Melee: Rapier            |    50 |       ||    50
       Bite              |     5 |     1 ||     6
       Punch             |     1 |       ||     1
       Whip              |    36 |    11 ||    47
  Use: Potion            |     1 |       ||     1
 Stab: Sleeping          |     1 |       ||     1
Armor: Robe              |    12 |     9 ||    21
Dodge: Dodged            |    65 |    24 ||    89
